 Dungeon Crawl Stone Soup version 0.24.0-2-g5b39cebb1c (webtiles) character file.

Game seed: 8553501933539556119, levelgen mode: deterministic

2431 Gumption the Merchant of Misery (level 9, -3/67 HPs)
             Began as a Human Necromancer on Oct 31, 2019.
             Was a Believer of Kikubaaqudgha.
             Slain by a killer bee (7 damage)
             ... on level 7 of the Dungeon.
             The game lasted 01:35:39 (12789 turns).

Gumption the Merchant of Misery (HuNe)             Turns: 12789, Time: 01:35:39

Health: -3/67      AC:  4    Str:  9    XL:     9   Next: 77%
Magic:  11/17      EV: 14    Int: 19    God:    Kikubaaqudgha [**....]
Gold:   149        SH:  0    Dex: 15    Spells: 3/19 levels left

rFire    + . .     SeeInvis .   a - +1 hand axe (elec)
rCold    + . .     Gourm    .   (no shield)
rNeg     . . .     Faith    .   c - +1 leather armour
rPois    .         Spirit   .   (helmet restricted)
rElec    .         Reflect  .   B - scarf {rC+ rF+}
rCorr    .         Harm     .   (no gloves)
MR       .....     Clarity  +   (no boots)
Stlth    +++.......             (no amulet)
HPRegen  0.21/turn              (no ring)
MPRegen  0.15/turn              (no ring)

@: lethally poisoned (-3 -> -14), flying
A: antennae 1, agile 1, clarity
a: Receive Corpses, Renounce Religion


You were on level 7 of the Dungeon.
You worshipped Kikubaaqudgha.
Kikubaaqudgha was pleased with you.
You were not hungry.

You visited 2 branches of the dungeon, and saw 8 of its levels.

You collected 206 gold pieces.
You spent 57 gold pieces at shops.

Inventory:

Hand Weapons
 a - a +1 hand axe of electrocution (weapon)
 b - a +0 hunting sling
 w - a +1 dagger of draining
 z - a +0 dagger of venom
Missiles
 r - 264 stones
 D - 8 curare-tipped darts
 H - 7 boomerangs (quivered)
 I - 30 sling bullets
Armour
 c - a +1 leather armour (worn)
 m - a +0 helmet
 B - a scarf of resistance (worn)
Jewellery
 h - an uncursed amulet of guardian spirit {unknown}
 n - an uncursed ring of flight {unknown}
 o - an uncursed ring of stealth {unknown}
 u - an uncursed amulet of rage {unknown}
 y - an uncursed amulet of harm
Wands
 f - a wand of digging (11)
 i - a wand of paralysis (17)
 v - a wand of flame (13)
 x - a wand of random effects (20)
Scrolls
 d - a scroll of fog {unknown}
 g - 2 scrolls of teleportation
 j - 3 scrolls of enchant armour
 s - a scroll of remove curse {unknown}
 E - a scroll of identify
 F - a scroll of fear
 G - a scroll of magic mapping
Potions
 k - a potion of haste
 l - a potion of resistance
 p - a potion of agility
 t - a potion of berserk rage
 A - a potion of magic
 J - 2 potions of flight
Comestibles
 e - 6 rations
 C - 5 chunks of flesh


   Skills:
 + Level 4.8 Fighting
 + Level 5.2 Dodging
 + Level 4.9 Stealth
 + Level 5.6 Spellcasting
 - Level 3.0 Charms
 + Level 7.7 Necromancy


You had 3 spell levels left.
You knew the following spells:

 Your Spells              Type           Power        Failure   Level  Hunger
a - Pain                  Necr           ####         1%          1    None
b - Animate Skeleton      Necr           N/A          1%          1    None
c - Vampiric Draining     Necr           ####......   1%          3    ##.....
d - Sublimation of Blood  Necr           ####......   1%          2    None
e - Animate Dead          Necr           N/A          7%          4    ####...
f - Corpse Rot            Necr           N/A          1%          2    None
z - Regeneration          Chrm/Necr      ####......   5%          3    ##.....

Your spell library contained the following spells:

 Spells                   Type           Power        Failure   Level  Hunger


Dungeon Overview and Level Annotations

Branches:
Dungeon (7/15)             Temple (1/1) D:5

Altars:
Ashenzari
Cheibriados
Elyvilon
Fedhas
Gozag
Hepliaklqana
Kikubaaqudgha
Makhleb
Nemelex Xobeh
Okawaru
Qazlal
Ru
Sif Muna
Trog
Uskayaw
Vehumet
Wu Jian
Xom
Yredelemnul
Zin
The Shining One

Shops:
D:5 (   D:6 *

Annotations:
D:4 exclusion: oklob plant
D:7 2 transporters


Innate Abilities, Weirdness & Mutations

You have a pair of small antennae on your head.
You are agile. (Dex +2)
You possess an exceptional clarity of mind.


Message History

You are lethally poisoned!
The killer bee poisons you!
The killer bee stings you but does no damage.
Casting: Pain (safe; 1% risk of failure)
Confirm with . or Enter, or press ? or * to list all spells.
Aiming: Pain (safe; 1% risk of failure)
Press: ? - help, Shift-Dir - straight line, f/p - killer bee
Aim: a killer bee (chance to defeat MR: 89%)
The killer bee writhes in agony.
* * * LOW HITPOINT WARNING * * *
You feel sick. The killer bee stings you.
* * * LOW HITPOINT WARNING * * *
The killer bee closely misses you.
It was a potion of flight.
You feel very buoyant.
You fly up into the air.
* * * LOW HITPOINT WARNING * * *
You feel sick. The killer bee stings you!
You die...
Kikubaaqudgha rasps: "You have failed me!
Welcome... death!"

### #### #@# ..>######
##y#
[.......#######..#
.................#####
......###.........##.#
.......####.....[.#..#
.....#.# ##..........#
...#.#.###..........##
.#.#.#..#...........#


You could see a killer bee.

Vanquished Creatures
  2 hungry ghosts
  An orc warrior (D:7)
  An ice beast (D:5)
  2 phantoms
  2 sky beasts (D:7)
  An ogre (D:6)
  A big kobold (D:7)
  A crocodile (D:7)
  A bullfrog (D:6)
  A water moccasin zombie (D:5)
  5 killer bees (D:7)
  2 jellies (D:6)
  A howler monkey (D:6)
  A crimson imp (D:5)
  2 centaur zombies
  A gnoll shaman (D:4)
  A quasit (D:7)
  3 orc priests
  4 orc wizards
  Natasha (D:2)
  A centaur skeleton (D:5)
  4 iguanas
  2 worker ants
  Terence (D:2)
  Robin (D:2)
  4 gnolls (D:4)
  8 adders
  A shadow imp (D:7)
  2 oozes
  An adder skeleton (D:7)
  5 worms
  3 dart slugs
  7 leopard geckos
  13 orcs
  10 giant cockroaches
  4 hobgoblins
  20 jackals
  4 quokkas
  3 ball pythons
  5 bats
  5 frilled lizards
  20 goblins
  A jackal skeleton (D:4)
  12 kobolds
  A leopard gecko skeleton (D:4)
  2 quokka skeletons
  5 rats
179 creatures vanquished.

Vanquished Creatures (collateral kills)
  A bullfrog (D:6)
  A hound skeleton (D:6)
  An ooze (D:1)
  An adder skeleton (D:6)
  3 orcs (D:6)
  A giant cockroach (D:4)
  A goblin (D:3)
  5 jackals (D:6)
  3 kobolds
  A rat (D:2)
18 creatures vanquished.

Grand Total: 197 creatures vanquished

Notes
Turn   | Place    | Note
-------+----------+-------------------------------------------
     0 | D:1      | Gumption the Human Necromancer began the quest for the Orb.
     0 | D:1      | Reached XP level 1. HP: 13/13 MP: 3/3
     3 | D:1      | Learned a level 1 spell: Animate Skeleton
   221 | D:1      | Reached XP level 2. HP: 14/19 MP: 1/5
   968 | D:1      | Reached XP level 3. HP: 24/24 MP: 4/6
  1737 | D:2      | Noticed Terence
  1789 | D:2      | Reached skill level 5 in Necromancy
  1789 | D:2      | Reached XP level 4. HP: 2/30 MP: 1/8
  2326 | D:2      | Noticed Natasha
  2340 | D:2      | Killed Natasha
  2772 | D:2      | Noticed Robin
  2782 | D:2      | Reached XP level 5. HP: 31/35 MP: 4/9
  2953 | D:2      | Learned a level 3 spell: Vampiric Draining
  3393 | D:2      | Killed Robin
  3704 | D:2      | Learned a level 3 spell: Regeneration
  3766 | D:2      | Killed Terence
  3937 | D:2      | Reached skill level 1 in Charms
  3937 | D:2      | Reached XP level 6. HP: 38/41 MP: 5/11
  4128 | D:2      | Reached skill level 6 in Necromancy
  4277 | D:3      | Found a snail-covered altar of Cheibriados.
  5116 | D:3      | Reached skill level 1 in Fighting
  5898 | D:4      | Reached XP level 7. HP: 45/48 MP: 7/12
  6874 | D:4      | Found a blossoming altar of Fedhas.
  6891 | D:4      | Noticed an oklob plant
  7201 | D:5      | Entered Level 5 of the Dungeon
  7279 | D:5      | Found a staircase to the Ecumenical Temple.
  7284 | Temple   | Entered the Ecumenical Temple
  7681 | Temple   | Became a worshipper of Kikubaaqudgha
  8036 | D:5      | Noticed a hungry ghost
  8113 | D:5      | Found a stormy altar of Qazlal.
  8181 | D:5      | Killed a hungry ghost
  8193 | D:5      | Paralysed by fainting for 12 turns
  8212 | D:5      | Paralysed by fainting for 8 turns
  8591 | D:5      | Reached XP level 8. HP: 54/57 MP: 9/14
  8987 | D:5      | Found Qofrerr's Weapon Emporium.
  9694 | D:6      | Found Unadaf's Serpentskin Sales.
  9701 | D:6      | Bought 8 curare-tipped darts for 57 gold pieces
 10204 | D:6      | Reached * piety under Kikubaaqudgha
 10204 | D:6      | Identified Kikubaaqudgha's Reference Book on Sinister
                  | Rituals (Kikubaaqudgha gifted it to you on level 6 of the
                  | Dungeon)
 10204 | D:6      | Received a gift from Kikubaaqudgha
 10336 | D:6      | Learned a level 2 spell: Sublimation of Blood
 10341 | D:6      | Learned a level 4 spell: Animate Dead
 10344 | D:6      | Learned a level 2 spell: Corpse Rot
 10397 | D:6      | Reached skill level 7 in Necromancy
 10762 | D:6      | Found a radiant altar of Vehumet.
 10767 | D:6      | Found a hazy altar of Hepliaklqana.
 10769 | D:6      | Found a white marble altar of Elyvilon.
 10769 | D:6      | Found a shattered altar of Ashenzari.
 10775 | D:6      | Found an iron altar of Okawaru.
 10877 | D:6      | Reached XP level 9. HP: 46/65 MP: 7/16
 11427 | D:7      | Reached skill level 5 in Spellcasting
 12024 | D:7      | Found an opulent altar of Gozag.
 12026 | D:7      | Found a transporter.
 12080 | D:7      | Found a transporter.
 12098 | D:7      | Gained mutation: You have a pair of small antennae on your
                  | head. [potion of mutation]
 12098 | D:7      | Gained mutation: You possess an exceptional clarity of
                  | mind. [potion of mutation]
 12098 | D:7      | Gained mutation: You are agile. (Dex +2) [potion of
                  | mutation]
 12545 | D:7      | Reached ** piety under Kikubaaqudgha
 12545 | D:7      | Reached skill level 5 in Dodging
 12611 | D:7      | Paralysed by fainting for 12 turns
 12789 | D:7      | Slain by a killer bee

Levels and vault maps discovered:
D:1:      erik_arrival_gehennom, layout_basic, serial_forest,
          infiniplex_forest_clump_tiny, infiniplex_forest_clump_large,
          infiniplex_forest_lined_3, infiniplex_forest_clump_large,
          infiniplex_forest_zigzag_1, infiniplex_forest_straight_4
D:2:      minmay_evil_eye, layout_loops_ring, serial_rivers,
          chequers_serial_rivers_micro_b, chequers_serial_rivers_micro_c,
          chequers_serial_rivers_micro_d, chequers_serial_rivers_micro_e,
          uniq_robin, uniq_terence, uniq_natasha
D:3:      layout_basic, cheibriados_altar_1, serial_co_window_serial,
          co_window_paths_a, co_window_paths_a, co_window_paths_b,
          co_window_paths_a, co_window_corner_a, co_window_cross_4,
          co_window_cross_2, co_window_of_opportunity_b, glass_columns_a,
          glass_columns_b, glass_columns_a
D:4:      layout_rooms, tgw_fedhas, first_ration
D:5:      layout_gridville, grunt_qazlal_sundering, temple_doors_e,
          serial_shops, shop, kennysheep_generic_room_15
D:6:      layout_gridville, grunt_temple_overflow_open, guppyfry_shop_venom
D:7:      minmay_the_grid_triangle_9x9_rhombus_thin
          [minmay_the_grid_triangle_9x9_intruding_spiral,
          minmay_the_grid_triangle_9x9_prize_center,
          minmay_the_grid_triangle_9x9_cache,
          minmay_the_grid_triangle_9x9_from_above], layout_cave_pods,
          gammafunk_temple_overflow_arena, minmay_misc_feat_more_columns
Temple:   hc_temple_tempest_star

Skill      XL: |  1  2  3  4  5  6  7  8  9 |
---------------+----------------------------+-----
Necromancy     | 5 6 7 |  7.7
Spellcasting   | 3 4 5 |  5.6
Charms         | 1 2 3 |  3.0
Fighting       | 1 2 3 4 |  4.8
Dodging        | 3 4 5 |  5.2
Stealth        | 3 4 |  4.9

Action                   |  1- 3 |  4- 6 |  7- 9 || total
-------------------------+-------+-------+-------++-------
Melee: Short sword       |     7 |     6 |       ||    13
       Dagger            |       |    14 |   101 ||   115
       Hand axe          |       |       |   148 ||   148
 Fire: Hunting sling     |       |    23 |    72 ||    95
Throw: Stone             |     6 |     7 |       ||    13
       Boomerang         |     5 |       |    26 ||    31
       Dart              |       |       |     2 ||     2
 Cast: Pain              |    36 |   141 |   148 ||   325
       Animate Skeleton  |     9 |    27 |    27 ||    63
       Vampiric Draining |       |       |     2 ||     2
  Use: Scroll            |       |     4 |     9 ||    13
       Potion            |       |       |     4 ||     4
 Stab: Sleeping          |     1 |     1 |     2 ||     4
       Distracted        |       |       |     1 ||     1
  Eat: Chunk             |     2 |     7 |    10 ||    19
       Ration            |       |     2 |     6 ||     8
Armor: Leather armour    |       |    21 |   153 ||   174
       Skin              |       |       |    54 ||    54
Dodge: Dodged            |     9 |    45 |   313 ||   367
